 Dungeon Crawl Stone Soup version 0.23.2-33-g5129a83184 (webtiles) character file.

Game seed: 115360921465879455

287 t4s4d4r the Slasher (level 6, -5/58 HPs)
             Began as an Octopode Gladiator on July 20, 2019.
             Slain by a scorpion (8 damage)
             ... on level 4 of the Dungeon.
             The game lasted 00:04:27 (3908 turns).

t4s4d4r the Slasher (Octopode Gladiator)            Turns: 3908, Time: 00:04:28

Health: -5/58      AC:  1    Str: 18 (19) XL:     6   Next: 30%
Magic:  6/6        EV: 14    Int:  9 (10) God:
Gold:   210        SH:  0    Dex: 13 (15) Spells: 5/5 levels left

rFire    . . .     SeeInvis .   a - +1 long sword
rCold    . . .     Gourm    .   (no shield)
rNeg     . . .     Faith    .   b - +0 hat
rPois    .         Spirit   .   (no amulet)
rElec    .         Reflect  .   l - +3 ring of slaying
rCorr    .         Harm     .   (no ring)
MR       .....                  (no ring)
Stlth    ..........             (no ring)
HPRegen  0.19/turn              (no ring)
MPRegen  0.10/turn              (no ring)
                                (no ring)
                                (no ring)

@: berserking, lethally poisoned (-5 -> -24), very quick
A: almost no armour, stealthy swim, amphibious, 8 rings, constrict 8, camouflage
1, gelatinous body 1
a: no special abilities


You were on level 4 of the Dungeon.
You were not hungry.

You visited 1 branch of the dungeon, and saw 4 of its levels.

You collected 210 gold pieces.

Inventory:

Hand Weapons
 a - a +1 long sword (weapon)
Missiles
 c - 3 throwing nets (quivered)
 g - 136 stones
Armour
 b - a +0 hat (worn)
Jewellery
 l - a +3 ring of slaying (left tentacle)
Scrolls
 h - a scroll of enchant armour {unknown}
 i - a scroll of immolation {unknown}
 j - 5 scrolls of remove curse
 m - a scroll of fog
 n - 2 scrolls of teleportation {unknown}
 o - a scroll of identify {unknown}
Potions
 e - a potion of heal wounds {unknown}
Comestibles
 d - 11 rations


   Skills:
 - Level 2.0 Fighting
 + Level 6.9 Long Blades
 - Level 2.0 Throwing
 - Level 3.0 Dodging


You had 5 spell levels left.
You didn't know any spells.
Your spell library contained the following spells:

 Spells                   Type           Power        Failure   Level  Hunger
 Beastly Appendage        Tmut           #.....       38%         1    ##.....
 Sticks to Snakes         Tmut           #.......     52%         2    ###....
 Spider Form              Tmut/Pois      #.........   77%         3    ####...
 Ice Form                 Ice/Tmut       #.......     99%         4    #####..
 Blade Hands              Tmut           #.........   100%        5    ######.


Dungeon Overview and Level Annotations

Branches:
Dungeon (4/15)
 Temple: D:4-7

Altars:
Wu Jian


Innate Abilities, Weirdness & Mutations

You cannot wear most types of armour.
You are very stealthy in the water. (Stealth+)
You are amphibious.
You can wear up to eight rings at the same time.
You can use your tentacles to constrict eight enemies at once.
Your skin changes colour to match your surroundings (Stealth+).
Your rubbery body absorbs attacks. (AC +1, EV +1)


Message History

You feel sick.
You feel sick. The scorpion stings you.
* * * LOW HITPOINT WARNING * * *
You are lethally poisoned!
The scorpion poisons you!
All of the chunks of flesh in your inventory have rotted away.
You see here 8 gold pieces.
* * * LOW HITPOINT WARNING * * *
You feel sick. The scorpion stings you.
* * * LOW HITPOINT WARNING * * *
You are more poisoned.
The scorpion poisons you!
* * * LOW HITPOINT WARNING * * *
You feel sick.
It was a potion of berserk rage.
A red film seems to cover your vision as you go berserk!
You feel yourself moving faster!
You feel mighty!
* * * LOW HITPOINT WARNING * * *
You feel sick. The scorpion stings you!
You die...

#..#>#.$.# #.# #...#...#
#.# #.......# .##.#
#...h...# ..#.#
#.#.##### #.#.# #..h###
#.#.# #....h# #.#.#
#####s# #.#.# #@# #.#.#
#.# #>..######## ##.##
#.##........
#.####...####.##.#######
.......#......##.#
#..###...####.##.# #
##.## #.##.# #.# #.#...
#.# #..###


You could see a scorpion and 2 jackals.

Vanquished Creatures
  A scorpion (D:4)
  2 hounds
  8 adders
  An ooze (D:2)
  2 worms (D:2)
  A dart slug (D:2)
  3 leopard geckos
  9 orcs
  4 ball pythons
  6 bats
  3 giant cockroaches
  12 goblins
  6 hobgoblins
  5 jackals
  A frilled lizard (D:2)
  11 kobolds
  9 rats
84 creatures vanquished.

Notes
Turn   | Place    | Note
-------+----------+-------------------------------------------
     0 | D:1      | t4s4d4r the Octopode Gladiator began the quest for the Orb.
     0 | D:1      | Reached XP level 1. HP: 14/14 MP: 1/1
   317 | D:1      | Reached XP level 2. HP: 14/19 MP: 2/2
   521 | D:1      | Reached skill level 4 in Long Blades
   924 | D:1      | Reached XP level 3. HP: 24/24 MP: 3/3
  1549 | D:2      | Found an ornate altar of the Wu Jian Council.
  1641 | D:2      | Reached XP level 4. HP: 29/29 MP: 4/4
  1825 | D:2      | Reached skill level 5 in Long Blades
  2253 | D:2      | Reached XP level 5. HP: 10/34 MP: 5/5
  2815 | D:3      | Noticed a sky beast
  3182 | D:3      | Reached skill level 6 in Long Blades
  3696 | D:4      | Reached XP level 6. HP: 21/39 MP: 6/6
  3908 | D:4      | Slain by a scorpion

Skill      XL: |  1  2  3  4  5 |
---------------+----------------+-----
Long Blades    | 4 5 6 |  6.9
Fighting       | |  2.0
Throwing       | |  2.0
Dodging        | |  3.0

Action                   |  1- 3 |  4- 6 || total
-------------------------+-------+-------++-------
Melee: Long sword        |    69 |    70 ||   139
       Constrict         |    15 |    28 ||    43
       Tentacles         |     7 |    11 ||    18
  Use: Scroll            |       |     4 ||     4
       Potion            |       |     4 ||     4
 Stab: Sleeping          |     8 |     4 ||    12
  Eat: Chunk             |     2 |     7 ||     9
Armor: Skin              |     7 |     9 ||    16
Dodge: Dodged            |    54 |    58 ||   112
       Rpst.: Long sword |    15 |    19 ||    34
